 Dungeon Crawl Stone Soup version 0.30.1-9-gdf580d7c3d (webtiles) character file.

Game seed: 3428714200792009590

10327 KittyFluff the Basher (level 11, -6/68 HPs)
             Began as a Gargoyle Berserker on Oct 3, 2023.
             Was a High Priest of Trog.
             Mangled by a slime creature (11 damage)
             ... on level 10 of the Dungeon.
             The game lasted 00:45:05 (8588 turns).

KittyFluff the Basher (Gargoyle Berserker)          Turns: 8588, Time: 00:45:05

Health: -6/68      AC: 22    Str: 22    XL:     11   Next: 60%
Magic:  11/11      EV: 20    Int:  7    God:    Trog [*****.]
Gold:   512        SH:  0    Dex: 19    Spells: 10/10 levels left

rFire   . . .        T - +2 lajatang (heavy)
rCold   . . .        (shield currently unavailable)
rNeg    + . .        g - +0 steam dragon scales
rPois   ∞            p - +0 helmet
rElec   +            Q - +2 cloak {rCorr}
rCorr   +            C - +1 pair of gloves
SInv    .            (no boots)
Will    .....        i - amulet of regeneration
Stlth   +++          j - +5 ring of evasion
HPRegen 1.11/turn    O - +6 ring of dexterity
MPRegen 0.12/turn

%: no passive effects
@: no status effects
A: sickness immunity, AC +8, negative energy resistance 1, electricity
resistance, torment resistance 1, petrification resistance
a: Renounce Religion, Berserk, Trog's Hand, Brothers in Arms


You were on level 10 of the Dungeon.
You worshipped Trog.
Trog was extremely pleased with you.
You visited 1 branch of the dungeon, and saw 10 of its levels.
You also visited: Bailey.

You collected 512 gold pieces.

Inventory:

Hand Weapons
 e - the +12 sling of Hoch {flame, Dex+2}
   (You found it in a bailey)

   Dex:       It affects your dexterity (+2).
 l - a +2 flail of holy wrath
 D - a +0 whip of flaming
 M - a +0 dire flail
 T - a +2 heavy lajatang (weapon)
 U - a +0 arbalest
 V - a +0 morningstar
Missiles
 s - 3 throwing nets
 t - 2 atropa-tipped darts
 x - 23 poisoned darts (quivered)
 G - 3 javelins
 H - 4 boomerangs
 K - a curare-tipped dart
Armour
 g - +0 steam dragon scales (worn)
 p - a +0 helmet (worn)
 u - a +1 hat
 C - a +1 pair of gloves (worn)
 Q - a +2 cloak of preservation (worn)
 W - a +0 kite shield
 X - a +2 ring mail of willpower
Jewellery
 i - an amulet of regeneration (around neck)
 j - a +5 ring of evasion (left hand)
 O - a +6 ring of dexterity (right hand)
Wands
 v - a wand of iceblast (16)
 P - a wand of flame (14)
 R - a wand of quicksilver (8)
Scrolls
 a - a scroll of magic mapping {unknown}
 b - 2 scrolls of fog {unknown}
 d - 3 scrolls of immolation {unknown}
 k - 2 scrolls of blinking {unknown}
 m - 8 scrolls of teleportation {unknown}
 n - a scroll of vulnerability {unknown}
 r - 5 scrolls of enchant weapon
 y - a scroll of enchant armour
 A - a scroll of torment
 E - a scroll of fear
 F - 3 scrolls of amnesia {unknown}
 J - a scroll of brand weapon
 S - a scroll of silence
Potions
 c - 2 potions of mutation
 f - 2 potions of haste
 h - 3 potions of cancellation
 o - 2 potions of heal wounds
 q - 2 potions of curing {unknown}
 w - 2 potions of berserk rage {unknown}
 z - a potion of resistance {unknown}
 B - 2 potions of flight {unknown}
 I - a potion of invisibility {unknown}
 L - a potion of lignification {unknown}
 N - a potion of attraction {unknown}


   Skills:
 + Level 7.9 Fighting
 - Level 12.8(12.9) Maces & Flails
 * Level 2.8(8.7) Staves
 - Level 1.5 Ranged Weapons
 - Level 2.2 Throwing
 * Level 8.4 Armour
 + Level 5.6 Dodging
 - Level 2.9 Stealth


You had 10 spell levels left.
You didn't know any spells.
Your spell library was empty.

Dungeon Overview and Level Annotations

Branches:
Dungeon (10/15)            Temple (0/1) D:7          Bailey (visited)
   Lair: D:8-11         Orc: D:9-12

Altars:
Cheibriados
Elyvilon
Okawaru
Qazlal
Trog
Yredelemnul


Innate Abilities, Weirdness & Mutations

You are immune to sickness and miasma.
Your stone body is resilient. (AC +8)
You are immune to poison.
You resist negative energy. (rN+)
You are resistant to electric shocks. (rElec)
You are resistant to unholy torment.
You are immune to petrification.


Message History

You hit the large slime creature.
The large slime creature is severely wounded.
The large slime creature misses you.
You slash the large slime creature!
The large slime creature is almost dead.
The large slime creature hits you!!
Two slime creatures merge to form an enormous slime creature.
A rakshasa opens the door.
The rakshasa blinks!
There is a stone staircase leading down here.
The enormous slime creature misses you.
You climb downwards.
Found a jade ring.
Found an escape hatch in the ceiling.
There is a stone staircase leading up here.
You cut the enormous slime creature into ribbons!!!
The enormous slime creature is heavily wounded.
An enormous slime creature splits.
You open the large slime creature like a pillowcase!!!
The large slime creature is almost dead.
A large slime creature splits.
The large slime creature closely misses you.
The slime creature hits you but does no damage.
You chop the slime creature into pieces!!!
You kill the slime creature!
Trog accepts your kill.
A large slime creature splits.
The slime creature hits you!
* * * LOW HITPOINT WARNING * * *
The slime creature hits you but does no damage.
You slice the slime creature!!
You kill the slime creature!
Trog accepts your kill. The slime creature hits you!
* * * LOW HITPOINT WARNING * * *
The slime creature hits you but does no damage.
You slice the slime creature!!
The slime creature is almost dead.
The slime creature hits you.
* * * LOW HITPOINT WARNING * * *
The slime creature hits you!
You die...

##.. ... ##...
..#
###....##..# .
.......... ..
#.......##.#
#....=.....##
#...J.......#
#....@J.#
#..<........#
.............#
...............
..#.#..........
# #.#...#......
# ....#......
##..........


You could see 2 slime creatures.

Vanquished Creatures
  A two-headed ogre (Bailey)
  Pikel (D:5)
  Maurice (D:8)
  A gargoyle (D:9)
  Maggie (D:6)
  2 trolls (D:9)
  Grinder (D:4)
  4 slime creatures
  4 spriggans (Bailey)
  2 wyverns
  11 yaks (D:8)
  A steam dragon (Bailey)
  Edmund (D:5)
  A vampire mosquito (D:9)
  Menkaure (D:6)
  3 water moccasins
  Duvessa (D:5)
  3 black bears
  2 orc warriors
  2 ice beasts (D:6)
  A sky beast (D:7)
  5 ogres (Bailey)
  A phantom (D:6)
  2 centaurs
  3 kobold brigands
  A bullfrog (D:7)
  A gnoll sergeant (D:9)
  A scorpion (D:5)
  7 wights
  Dowan (D:5)
  14 killer bees
  A howler monkey (D:6)
  3 hounds
  2 jellies
  3 orc priests
  A gnoll bouda (D:7)
  3 sleepcaps
  3 iguanas
  5 orc wizards
  Robin (D:2)
  9 adders
  9 gnolls
  3 shadow imps
  A white imp (D:6)
  An ufetubus (D:5)
  A worm (D:2)
  4 dart slugs
  22 orcs
  10 bats
  7 endoplasms
  6 giant cockroaches
  11 hobgoblins
  5 jackals
  12 kobolds
  5 quokkas
  9 ball pythons
  3 frilled lizards (D:2)
  17 goblins
  5 rats
243 creatures vanquished.

Notes
Turn   | Place    | Note
-------+----------+-------------------------------------------
     0 | D:1      | KittyFluff the Gargoyle Berserker began the quest for the
                  | Orb.
     0 | D:1      | Reached XP level 1. HP: 14/14 MP: 1/1
   202 | D:1      | Found a faded altar of an unknown god.
   284 | D:1      | Reached XP level 2. HP: 14/19 MP: 2/2
   804 | D:1      | Reached XP level 3. HP: 18/23 MP: 3/3
   862 | D:1      | Reached ** piety under Trog
   951 | D:2      | Reached skill level 4 in Maces & Flails
  1394 | D:2      | Noticed Robin
  1401 | D:2      | Reached XP level 4. HP: 29/29 MP: 4/4
  1412 | D:2      | Killed Robin
  1784 | D:2      | Reached XP level 5. HP: 33/33 MP: 5/5
  2328 | D:3      | Reached *** piety under Trog
  2425 | D:4      | Noticed Grinder
  2444 | D:4      | Killed Grinder
  2445 | D:4      | Reached skill level 5 in Maces & Flails
  2445 | D:4      | Reached XP level 6. HP: 6/38 MP: 6/6
  3159 | D:4      | Reached skill level 6 in Maces & Flails
  3502 | D:4      | Found a bloodstained altar of Trog.
  3505 | D:4      | Found a basalt altar of Yredelemnul.
  3716 | D:5      | Entered Level 5 of the Dungeon
  3726 | D:5      | Noticed Edmund
  3742 | D:5      | Killed Edmund
  3743 | D:5      | Reached skill level 1 in Stealth
  3743 | D:5      | Reached XP level 7. HP: 23/43 MP: 7/7
  3942 | D:5      | Noticed Pikel
  3980 | D:5      | HP: 2/43 [Pikel/+0 whip of flaming (3)]
  3986 | D:5      | Killed Pikel
  3987 | D:5      | Reached skill level 7 in Maces & Flails
  3987 | D:5      | Reached XP level 8. HP: 23/48 MP: 8/8
  4243 | D:5      | Noticed Dowan
  4246 | D:5      | Noticed Duvessa
  4307 | D:5      | Reached skill level 8 in Maces & Flails
  4324 | D:5      | Killed Duvessa
  4353 | D:5      | Reached skill level 1 in Throwing
  4447 | D:5      | Killed Dowan
  4489 | D:5      | Reached skill level 5 in Armour
  4536 | D:5      | Found a snail-covered altar of Cheibriados.
  4539 | D:5      | Found a stormy altar of Qazlal.
  4539 | D:5      | Found an iron altar of Okawaru.
  4542 | D:5      | Found a white marble altar of Elyvilon.
  4646 | D:6      | Noticed Menkaure
  4692 | D:6      | Reached skill level 5 in Fighting
  4896 | D:6      | Reached skill level 9 in Maces & Flails
  4896 | D:6      | Reached XP level 9. HP: 33/54 MP: 9/9
  5151 | D:6      | Reached **** piety under Trog
  5273 | D:6      | Noticed Maggie
  5299 | D:6      | Killed Maggie
  5421 | D:6      | Reached skill level 10 in Maces & Flails
  5558 | D:6      | Killed Menkaure
  5709 | D:7      | Found a flagged portal.
  5770 | Bailey   | Entered a bailey
  5935 | Bailey   | Reached XP level 10. HP: 47/60 MP: 10/10
  6011 | Bailey   | Reached skill level 11 in Maces & Flails
  6011 | Bailey   | Reached skill level 1 in Ranged Weapons
  6079 | Bailey   | Noticed a two-headed ogre
  6172 | Bailey   | Killed a two-headed ogre
  6223 | Bailey   | Identified the +12 sling of Hoch {flame, Dex+2}
  6513 | D:7      | Found a staircase to the Ecumenical Temple.
  6762 | D:7      | Reached ***** piety under Trog
  7356 | D:8      | Reached skill level 12 in Maces & Flails
  7382 | D:8      | Reached skill level 5 in Dodging
  7382 | D:8      | Reached XP level 11. HP: 64/67 MP: 11/11
  7840 | D:8      | Noticed Maurice
  7853 | D:8      | Paralysed by Maurice for 2 turns
  7864 | D:8      | Paralysed by something for 5 turns
  7885 | D:8      | Killed Maurice
  8075 | D:9      | Received a gift from Trog
  8368 | D:9      | Reached skill level 1 in Staves
  8562 | D:9      | Noticed a rakshasa
  8583 | D:10     | Entered Level 10 of the Dungeon
  8588 | D:10     | Mangled by a slime creature

Illustrated notes

Levels and vault maps discovered:
D:1:      reono_arrival_forest_river, layout_basic,
          ebering_ecumenical_altar_mist, serial_bayou_pond_c,
          minmay_misc_feat_room, minmay_pentomino_o2
D:2:      layout_rooms, nicolae_concentric_dashed_squares_wild,
          minmay_randomly_rotated_circles, uniq_robin
D:3:      layout_loops_ring, grunt_ministairs_8
D:4:      layout_gridville, minitemple, uniq_grinder
D:5:      layout_rooms, grunt_temple_overflow_open, uniq_duvessa, uniq_pikel,
          uniq_edmund
D:6:      layout_basic, corner_web_ring, chequers_avenue,
          minmay_misc_feat_rugged, st_stairs_7, uniq_maggie, uniq_menkaure
D:7:      layout_gridville, minmay_temple_entry_gardened_gates, enter_bailey_5
D:8:      layout_cave_pods, water_boxes_lemuel, uniq_maurice
D:9:      minmay_blocky_corners, layout_gridville,
          hangedman_abyss_or_decor_jellyfish_corner, fungi_pond_lemuel,
          corexii_checkpoint_a, minmay_misc_feat_pillars
D:10:     layout_cave_pools

Skill      XL: |  1  2  3  4  5  6  7  8  9 10 11 |
---------------+----------------------------------+-----
Maces & Flails | 4 5 6 7 9 10 12 | 12.8
Armour         | 3 4 5 6 7 8 |  8.4
Dodging        | 2 3 4 5 |  5.6
Fighting       | 4 5 7 |  7.9
Stealth        | 1 2 |  2.9
Throwing       | 1 2 |  2.2
Ranged Weapons | 1 |  1.5
Staves         | 2 |  2.8

Action                     |  1- 3 |  4- 6 |  7- 9 | 10-12 || total
---------------------------+-------+-------+-------+-------++-------
  Melee: Mace              |   133 |   218 |    49 |       ||   400
         Punch             |       |     2 |     2 |     4 ||     8
         Flail             |       |       |   261 |   365 ||   626
         Lajatang          |       |       |       |    64 ||    64
   Fire: Sling             |       |       |     4 |     3 ||     7
  Throw: Throwing net      |       |     2 |       |       ||     2
         Dart              |       |     4 |    11 |     8 ||    23
 Invoke: Berserk           |       |     2 |       |       ||     2
    Use: Scroll            |       |     7 |     1 |     4 ||    12
         Potion            |       |     2 |     2 |       ||     4
   Stab: Sleeping          |     1 |     1 |     1 |     3 ||     6
 Armour: Animal skin       |    11 |       |       |       ||    11
         Leather armour    |    26 |    83 |    69 |       ||   178
         Steam dragon scal |       |       |    38 |   149 ||   187
  Dodge: Dodged            |   137 |   246 |   244 |   449 ||  1076
